 Dungeon Crawl Stone Soup version 0.32-a0-975-g85d4e5bfdb (webtiles) character file.

Game seed: 13655578870136048276

430410 arvianne the Ninja (level 24, -10/168 HPs)
             Began as a Kobold Brigand on Apr 18, 2024.
             Was the Champion of Wu Jian.
             Mangled by a +3 scimitar of holy wrath (19 damage)
             ... on level 3 of the Elven Halls on Apr 19, 2024.
             The game lasted 06:45:07 (55328 turns).

arvianne the Ninja (Kobold Brigand)                Turns: 55328, Time: 06:45:08

Health: -10/168    AC: 27    Str: 13    XL:     24   Next: 69%
Magic:  34/34      EV: 25    Int: 20    God:    Wu Jian [******]
Gold:   3038       SH: 24    Dex: 36    Spells: 31/38 levels left

rFire   + + +        f - +4 quick blade "Axib" {venom, *Rage ^Fragile rC+ Int+4}
rCold   + + .        g - +2 shield of Resistance {rF++ rC++ Will++}
rNeg    + + +        U - +4 chain mail of the Watermelon {rElec rPois Dex+4}
rPois   +            j - +2 helmet {SInv}
rElec   +            L - +2 cloak
rCorr   .            Y - +2 pair of gloves {Stlth+}
SInv    +            w - +1 pair of boots of Dygg {Str+4 Dex+2}
Will    +++++        z - amulet of Kuikku {Reflect Int+2 SH+5}
Stlth   ++++++++++   x - ring "Bahoapn" {Fly Will- AC+4 Dex+8 Slay+5}
HPRegen 0.48/turn    p - ring "Riaf Taxyamu" {Fire rN+++ Will+++ Dex-3}
MPRegen 0.24/turn

%: random rage (20%), reflection
@: about to teleport, on berserk cooldown, flying, slowed, studying 2 skills,
very slow
A: small, no large weapons, nightstalker 3
}: 3/15 runes: serpentine, barnacled, silver
a: Renounce Religion, Wall Jump, Serpent's Lash, Heavenly Storm


You were on level 3 of the Elven Halls.
You worshipped Wu Jian.
Wu Jian was exalted by your worship.
You visited 8 branches of the dungeon, and saw 39 of its levels.
You also visited: Sewer, Gauntlet and Ice Cave.

You collected 6889 gold pieces.
You spent 3851 gold pieces at shops.

Inventory:

Hand Weapons
 f - the +4 quick blade "Axib" (weapon) {venom, *Rage ^Fragile rC+ Int+4}
   (You acquired it in a sewer)

   Int+4:     It affects your intelligence (+4).
   rC+:       It protects you from cold.
   *Rage:     It berserks you when you make melee attacks (+20% chance).
   ^Fragile:  It will be destroyed if unequipped.
 y - the +6 rapier of Ynumn {flame, Str+5 Int+3 Dex+5}
   (You found it on level 4 of the Shoals)

   Str+5:     It affects your strength (+5).
   Int+3:     It affects your intelligence (+3).
   Dex+5:     It affects your dexterity (+5).
 I - the +8 sling of Tomorrow {freeze, ^Contam rPois Dex+4}
   (You took it off a vault guard on level 3 of the Vaults)

   Dex+4:     It affects your dexterity (+4).
   rPois:     It protects you from poison.
   ^Contam:   It causes magical contamination when unequipped.
 Q - a +2 spectral lajatang
 X - a +9 dagger of freezing
Missiles
 e - 6 curare-tipped darts (quivered)
Armour
 g - the +2 shield of Resistance (worn) {rF++ rC++ Will++}
   (You found it on level 3 of the Lair of Beasts)

   rF++:      It greatly protects you from fire.
   rC++:      It greatly protects you from cold.
   Will++:    It greatly increases your willpower.
 i - a +2 hat of willpower
 j - a +2 helmet of see invisible (worn)
 w - the +1 pair of boots of Dygg (worn) {Str+4 Dex+2}
   (You acquired it on level 15 of the Dungeon)

   Str+4:     It affects your strength (+4).
   Dex+2:     It affects your dexterity (+2).
 L - a +2 cloak (worn)
 N - the +4 scale mail of Doghiaxt {Rampage rC- Dex+3 SInv}
   (You bought it in a shop on level 2 of the Dungeon)

   Dex+3:     It affects your dexterity (+3).
   rC-:       It makes you vulnerable to cold.
   SInv:      It lets you see invisible.
   Rampage:   It bestows one free step when moving towards enemies.
 U - the +4 chain mail of the Watermelon (worn) {rElec rPois Dex+4}
   (You bought it in a shop on level 2 of the Orcish Mines)

   Dex+4:     It affects your dexterity (+4).
   rElec:     It insulates you from electricity.
   rPois:     It protects you from poison.
 Y - a +2 pair of gloves of stealth (worn)
Jewellery
 o - the amulet "Efaronoqol" {Spirit rN++ rCorr Str-3 Int+2}
   (You found it on level 2 of the Vaults)

   [amulet of guardian spirit]

   Spirit:    It causes incoming damage to be divided between your reserves of
   health and magic.
   Str-3:     It affects your strength (-3).
   Int+2:     It affects your intelligence (+2).
   rN++:      It greatly protects you from negative energy.
   rCorr:     It protects you from acid and corrosion.
 p - the ring "Riaf Taxyamu" (right hand) {Fire rN+++ Will+++ Dex-3}
   (You found it on level 14 of the Dungeon)

   [ring of fire]

   Fire:      It enhances your fire magic.
   Dex-3:     It affects your dexterity (-3).
   rF+:       It protects you from fire.
   rC-:       It makes you vulnerable to cold.
   rN+++:     It renders you almost immune to negative energy.
   Will+++:   It greatly increases your willpower.
 r - a ring of resist corrosion
 v - the ring of the Hare {EV+10}
   (You found it in a Gauntlet)

   [ring of evasion]

   EV+10:     It affects your evasion (+10).
 x - the ring "Bahoapn" (left hand) {Fly Will- AC+4 Dex+8 Slay+5}
   (You found it in an ice cave)

   [ring of protection]

   AC+4:      It affects your AC (+4).
   Dex+8:     It affects your dexterity (+8).
   Slay+5:    It affects your accuracy & damage with ranged weapons and melee
   (+5).
   Will-:     It decreases your willpower.
   Fly:       It grants you flight.
 z - the amulet of Kuikku (around neck) {Reflect Int+2 SH+5}
   (You took it off a minotaur in a Gauntlet)

   [amulet of reflection]

   Reflect:   It reflects blocked missile attacks.
   Int+2:     It affects your intelligence (+2).
   SH+5:      It affects your SH (+5).
 A - the Hermit's Pendant {Faith Invo=14 Evo=0 MP+5}
   (You found it on level 3 of the Dungeon)

   [amulet of faith]

   Invo=14: It sets your Invocations skill to 14.
   Evo=0: It sets your Evocations skill to 0.
   Faith:     It allows you to gain divine favour quickly.
   MP+5:      It affects your magic capacity (+5).
 D - the dreamshard necklace {Acrobat *Dream}
   (You found it on level 5 of the Vaults)

   [amulet of the acrobat]

   *Dream:    It absorbs a single lethal wound into itself, holding its wearer
   just short of death and releasing dream-creatures to guard them.
   Acrobat:   It increases your evasion while moving and waiting.
 P - the amulet of Teliobb {Acrobat Dex+3}
   (You found it on level 2 of the Vaults)

   [amulet of the acrobat]

   Acrobat:   It increases your evasion while moving and waiting.
   Dex+3:     It affects your dexterity (+3).
 T - the amulet "Zaen" {^Drain rC+ RegenMP+ Dex+5 Stlth+}
   (You took it off a vault warden on level 5 of the Vaults)

   [amulet of magic regeneration]

   It increases your rate of magic regeneration.
   Dex+5:     It affects your dexterity (+5).
   rC+:       It protects you from cold.
   ^Drain:    It drains your maximum health when unequipped.
   Stlth+:    It makes you more stealthy.
   RegenMP+:  It increases your rate of magic regeneration.
Wands
 b - a wand of mindburst (16)
 m - a wand of roots (20)
 C - a wand of charming (44)
 E - a wand of flame (72)
 R - a wand of digging (23)
 V - a wand of light (17)
 W - a wand of polymorph (26)
Scrolls
 a - 4 scrolls of immolation
 n - 19 scrolls of teleportation
 s - 3 scrolls of fear
 F - 3 scrolls of vulnerability
 K - 8 scrolls of fog
 M - 3 scrolls of silence
 O - 22 scrolls of identify
 S - 2 scrolls of poison
Potions
 c - 6 potions of mutation
 h - 6 potions of cancellation
 k - a potion of might
 l - a potion of magic
 q - 7 potions of berserk rage
 t - 3 potions of curing
 B - 2 potions of invisibility
 H - 2 potions of resistance
Miscellaneous
 d - a phantom mirror
 u - a condenser vane
 G - a Gell's gravitambourine (2/2)
 Z - a lightning rod (4/4)


   Skills:
 * Level 22.1 Fighting
 - Level 14.0 Short Blades
 - Level 2.4 Throwing
 + Level 20.8 Dodging
 O Level 27 Stealth
 + Level 13.9 Shields
 - Level 7.9 Spellcasting
 - Level 8.0 Hexes
 - Level 7.8 Ice Magic
 * Level 17.6 Evocations


You had 31 spell levels left.
You knew the following spells:

 Your Spells              Type           Power      Damage    Failure   Level
a - Ensorcelled Hibernat  Hex/Ice        78%        N/A       24%         2
b - Metabolic Englaciati  Hex/Ice        19%        N/A       99%         5

Your spell library contained the following spells:

 Spells                   Type           Power      Damage    Failure   Level
 Slow                     Hex            100%       N/A       16%         1
 Confusing Touch          Hex            40%        N/A       41%         3
 Summon Ice Beast         Ice/Summ       23%        N/A       94%         3
 Foxfire                  Conj/Fire      44%        2x1d6     99%         1
 Magic Dart               Conj           28%        1d4       99%         1
 Blink                    Tloc           14%        N/A       99%         2
 Call Imp                 Summ           14%        N/A       99%         2
 Lesser Beckoning         Tloc           14%        N/A       99%         2
 Momentum Strike          Conj/Tloc      14%        3d8       99%         2
 Searing Ray              Conj           14%        2d5       99%         2
 Static Discharge         Conj/Air       14%        3-4/arc   99%         2
 Sublimation of Blood     Necr           7%         N/A       99%         2
 Maxwell's Portable Pile  Tloc           7%         2d(5-15)  100%        3
 Passwall                 Erth           7%         N/A       100%        3
 Stone Arrow              Conj/Erth      14%        3d7       100%        3
 Swiftness                Air            7%         N/A       100%        3
 Vampiric Draining        Necr           7%         2d6       100%        3
 Airstrike                Air            3%         2d(1-17)  100%        4
 Animate Armour           Summ/Erth      14%        N/A       100%        4
 Animate Dead             Necr           7%         N/A       100%        4
 Flame Wave               Conj/Fire      11%        2d6       100%        4
 Fulminant Prism          Conj/Alch      3%         3d5       100%        4
 Ignite Poison            Fire/Alch      11%        N/A       100%        4
 Leda's Liquefaction      Alch/Erth      3%         N/A       100%        4
 Petrify                  Alch/Erth      7%         N/A       100%        4
 Sticky Flame             Fire/Alch      11%        2d5       100%        4
 Summon Blazeheart Golem  Fire/Summ      11%        N/A       100%        4
 Summon Lightning Spire   Summ/Air       7%         N/A       100%        4
 Curse of Agony           Necr           7%         N/A       100%        5
 Lee's Rapid Deconstruct  Erth           3%         3d5*      100%        5
 Summon Mana Viper        Hex/Summ       24%        N/A       100%        5
 Dispersal                Tloc           3%         N/A       100%        6
 Gell's Gavotte           Tloc           3%         2d(13-19) 100%        6
 Permafrost Eruption      Ice/Erth       11%        2x4d4     100%        6
 Haunt                    Necr/Summ      3%         N/A       100%        7
 Magnavolt                Erth/Air       3%         3d9       100%        7
 Manifold Assault         Tloc           3%         N/A       100%        7
 Monstrous Menagerie      Summ           3%         N/A       100%        7
 Orb of Destruction       Conj           3%         9d5       100%        7
 Rimeblight               Ice/Necr       11%        2d4       (prima100%   7
 Seismic Cannonade        Alch/Erth      3%         6d4       100%        7
 Spellforged Servitor     Conj/Summ      3%         N/A       100%        7
 Summon Hydra             Summ           3%         N/A       100%        7
 Disjunction              Tloc           3%         N/A       100%        8
 Ignition                 Fire           5%         3d4       100%        8
 Infestation              Necr           3%         N/A       100%        8
 Lehudib's Crystal Spear  Conj/Erth      3%         10d3      100%        8
 Maxwell's Capacitive Co  Air            3%         ∞         100%        8


Dungeon Overview and Level Annotations

Branches:
Dungeon (15/15)            Temple (1/1) D:5            Lair (5/5) D:10
 Shoals (4/4) Lair:2        Snake (4/4) Lair:2        Slime (0/5) Lair:4
    Orc (2/2) D:12            Elf (3/3) Orc:2        Vaults (5/5) D:14
  Crypt (0/3) Vaults:2     Depths (0/4) D:15          Sewer (visited)
  IceCv (visited)         Gauntlet (visited)

Altars:
Ashenzari
Cheibriados
Dithmenos
Elyvilon
Fedhas
Gozag
Hepliaklqana
Kikubaaqudgha
Makhleb
Nemelex Xobeh
Okawaru
Qazlal
Ru
Sif Muna
Trog
Uskayaw
Vehumet
Wu Jian
Xom
Yredelemnul
Zin
The Shining One
Beogh

Shops:
D:2 [   D:4 :   Orc:2 [![[   Elf:3 (   Shoals:1 [   Shoals:2 *   Shoals:3 *
Snake:1 :


Innate Abilities, Weirdness & Mutations

You are small and have problems with some larger weapons.
You are completely attuned to the shadows.


Message History

You block the +3 scimitar of holy wrath's attack.
The deep elf high priest is no longer giving off an aura.
The deep elf high priest calls down the wrath of its god upon you.
Something smites you!
* * * LOW HITPOINT WARNING * * *
You feel much better.
You feel less exhausted.
The ghostly deep elf blademaster completely misses you.
You block the ghostly deep elf blademaster's attack.
The deep elf blademaster completely misses you.
You block the deep elf blademaster's attack.
The +3 scimitar of holy wrath hits you!
* * * LOW HITPOINT WARNING * * *
You block the ghostly deep elf blademaster's attack.
The ghostly deep elf blademaster hits you with a +0 short sword!
* * * LOW HITPOINT WARNING * * *
The deep elf blademaster hits you but does no damage.
The deep elf blademaster hits you with a +0 rapier.
* * * LOW HITPOINT WARNING * * *
The +3 scimitar of holy wrath barely misses you.
As you read the scroll of teleportation, it crumbles to dust.
You feel strangely unstable.
The ghostly deep elf blademaster hits you but does no damage. x2
The deep elf blademaster misses you.
You block the deep elf blademaster's attack.
You block the +3 scimitar of holy wrath's attack.
The ghostly deep elf blademaster hits you with a +0 short sword!
* * * LOW HITPOINT WARNING * * *
You block the ghostly deep elf blademaster's attack.
The deep elf high priest mumbles some strange prayers.
The +3 scimitar of holy wrath hits you!
* * * LOW HITPOINT WARNING * * *
The deep elf blademaster hits you but does no damage.
The deep elf blademaster completely misses you.
The ghostly deep elf blademaster completely misses you.
The ghostly deep elf blademaster hits you but does no damage.
The deep elf blademaster completely misses you.
The deep elf blademaster hits you but does no damage.
The +3 scimitar of holy wrath hits you!!
You die...

....# ###*.e........ #.###
##.......########### #.#
###*#######.).......### #.#
##...## #.............# #.#
##...)*## #.............#
#.#
#.......###..)..........##
#.#
#....)..##...............##
..#
#.......eee.....###.......+
### ##.[...##(@....##
##......# ##...###...).##
##.)...# ##'##.#.....#
#.....# #.....#.....##
##.....# #..)[.#..)...##
##......# ##
##.)).#....)..###.......#
.. ##.()##...............##
###..##.............## #
##=)#......)......#


You could see a deep elf blademaster (very poisoned), a ghostly deep elf
blademaster, a deep elf high priest and a +3 scimitar of holy wrath.

Vanquished Creatures
  3 dread liches (Vaults:5)
  2 ancient liches
  Margery (Vaults:2)
  A golden dragon (Vaults:4)
  A hellephant (Vaults:2)
  The ghost of Raecovv Etaz the Shatterer, an adept TrGl of Wu Jian (Vaults:3)
  Jorgrun (D:14)
  Rupert (D:14)
  5 titans (Vaults:5)
  3 quicksilver dragons
  2 liches
  Frances (D:14)
  2 deep elf master archers (Elf:3)
  2 sphinxes
  3 krakens
  3 shadow dragons
  Agnes (D:14)
  2 azure jellies (IceCv)
  3 tengu reavers
  A storm dragon (Vaults:5)
  3 nagarajas
  Aizul (Shoals:4)
  4 frost giants
  2 fire giants
  2 deep elf elementalists (Elf:3)
  21 vault wardens
  7 deep elf sorcerers
  21 ironbound preservers
  An orc warlord (Orc:1)
  A formless jellyfish (Vaults:4)
  8 ironbound thunderhulks
  A quicksilver ooze (IceCv)
  8 stone giants
  2 deep elf annihilators (Elf:3)
  The ghost of makewrite the Marksminotaur, a journeyman MiBe of Trog (Lair:2)
  13 very ugly things
  4 deep elf demonologists
  Nessos (D:12)
  3 deep elf death magi (Elf:3)
  3 war gargoyles
  7 dire elephants
  2 minotaurs
  5 ettins
  2 entropy weavers
  5 merfolk javelineers
  A crystal guardian (Vaults:2)
  A fire dragon (shapeshifter) (Vaults:4)
  Josephine (D:15)
  7 merfolk impalers
  2 fire dragons
  10 yaktaur captains
  4 deep elf high priests
  A rakshasa (D:15)
  37 vault guards
  Fannar (D:12)
  A peacekeeper (Vaults:2)
  4 hydras
  2 merfolk avatars
  2 salamander tyrants (Snake:2)
  6 ironbound frosthearts
  6 ogre magi
  17 two-headed ogres
  6 great orbs of eyes
  4 merfolk aquamancers
  7 centaur warriors
  Erica (Lair:2)
  4 boulder beetles
  A two-headed ogre (shapeshifter) (D:15)
  A deep troll shaman (Vaults:5)
  25 anacondas
  32 dancing weapons
  A death scarab (Gauntlet)
  4 deep troll earth magi
  15 shock serpents
  A satyr (Shoals:4)
  9 naga sharpshooters
  11 naga warriors
  17 deep elf knights
  An iron troll (Vaults:4)
  Sonja (D:12)
  2 hell knights (Vaults:2)
  5 skysharks
  6 salamander mystics
  A fire crab (Lair:5)
  10 deep elf archers
  A deep troll (shapeshifter) (Vaults:5)
  20 sea snakes
  A shadow wraith (Vaults:5)
  10 mana vipers
  3 naga ritualists
  A glowing orange brain (D:15)
  7 arcanists
  55 deep trolls
  13 lindwurms
  A necromancer (Vaults:2)
  31 deep elf zephyrmancers
  A steelbarb worm (shapeshifter) (Vaults:2)
  15 harpies
  4 thermic dynamos
  17 ugly things
  4 phantasmal warriors
  23 ironbound convokers
  33 deep elf pyromancers
  3 orc knights
  An oklob plant (D:10)
  An orc sorcerer (Elf:1)
  3 fauns (Shoals:1)
  8 cyclopes
  18 salamanders
  2 ice statues (IceCv)
  16 manticores
  30 black mambas
  9 merfolk sirens
  3 meliai (D:13)
  3 moths of wrath (Vaults:3)
  5 water nymphs
  11 naga magi
  A torpor snail (Lair:3)
  5 guardian serpents (Snake:4)
  7 kobold blastminers
  11 vault sentinels
  3 molten gargoyles (Lair:5)
  Joseph (D:8)
  11 cane toads
  30 yaktaurs
  An unseen horror (D:11)
  13 komodo dragons
  A tengu conjurer (D:15)
  9 rime drakes
  2 freezing wraiths
  5 trolls
  7 wind drakes
  19 merfolk
  3 polar bears
  A merfolk (shapeshifter) (Vaults:2)
  A hornet (D:9)
  8 snapping turtles
  3 blink frogs (Lair:1)
  58 slime creatures
  9 dream sheep
  A spectral black mamba (Gauntlet)
  3 wraiths (D:15)
  Sigmund (D:2)
  13 wyverns
  3 air elementals
  A culicivora (Vaults:4)
  10 basilisks
  2 shadows
  4 water elementals
  2 fire elementals
  A vampire (D:11)
  27 yaks
  4 wargs (Orc:1)
  Grum (D:8)
  20 vampire mosquitoes
  2 redbacks (Vaults:4)
  5 steam dragons
  Edmund (D:6)
  12 water moccasins
  2 great orb of eyes simulacra (IceCv)
  40 nagas
  2 acid dragons
  6 hell hounds
  23 orc warriors
  A meliai simulacrum (D:13)
  5 laughing skulls
  4 black bears
  4 ice beasts
  A crocodile (Sewer)
  32 ogres
  20 wolves
  A boggart (Vaults:2)
  11 centaurs
  6 slime creature simulacra (IceCv)
  2 phantoms
  8 kobold brigands
  11 bullfrogs
  3 glowing shapeshifter simulacra (IceCv)
  A gnoll sergeant (D:8)
  4 scorpions
  4 earth elementals
  5 wights (D:4)
  11 killer bees
  An electric eel (Lair:4)
  5 howler monkeys
  A bombardier beetle (D:4)
  5 crimson imps (D:10)
  A human simulacrum (Vaults:2)
  5 lava snakes (Lair:5)
  4 quasits (D:7)
  2 jellies
  3 hounds
  17 orc priests
  A gnoll bouda (D:9)
  3 sleepcaps
  4 iguanas
  6 hell rats (Lair:4)
  20 orc wizards
  Natasha (thrice) (D:2)
  A human skeleton (D:6)
  A statue (D:11)
  6 shapeshifter simulacra (IceCv)
  A hound skeleton (D:6)
  13 adders
  8 gnolls
  A river rat (shapeshifter) (D:14)
  3 shadow imps (D:10)
  4 white imps
  A dart slug (D:3)
  2 ribbon worms
  67 orcs
  11 ball pythons
  10 endoplasms
  4 giant cockroaches
  6 goblins
  6 hobgoblins
  7 jackals
  8 quokkas
  A bat (D:2)
  3 frilled lizards
  A goblin zombie (D:7)
  3 hobgoblin zombies (D:7)
  33 kobolds
  2 orc skeletons (D:7)
  An orc zombie (D:7)
  13 rats
  4 butterflies (Lair:4)
1619 creatures vanquished.

Vanquished Creatures (others)
  A deep elf zephyrmancer (Elf:2)
  A deep elf pyromancer (Elf:3)
  A water elemental (Shoals:1)
  A killer bee (D:9)
  16 tentacles (Shoals:1)
20 creatures vanquished.

Grand Total: 1639 creatures vanquished

Notes
Turn   | Place    | Note
-------+----------+-------------------------------------------
     0 | D:1      | arvianne the Kobold Brigand began the quest for the Orb.
     0 | D:1      | Reached XP level 1. HP: 12/12 MP: 1/1
   208 | D:1      | Reached XP level 2. HP: 18/18 MP: 2/2
  1090 | D:1      | Reached XP level 3. HP: 22/22 MP: 3/3
  1533 | D:2      | Found Tonkiofe's Armour Shop.
  1724 | D:2      | Noticed Sigmund
  1728 | D:2      | Killed Sigmund
  1729 | D:2      | Reached skill level 6 in Stealth
  1729 | D:2      | Reached XP level 4. HP: 26/28 MP: 4/4
  1729 | D:2      | Reached XP level 5. HP: 29/32 MP: 5/5
  1729 | D:2      | Reached XP level 6. HP: 34/37 MP: 6/6
  1917 | D:2      | Noticed Natasha
  1923 | D:2      | Killed Natasha
  1924 | D:2      | Reached skill level 5 in Short Blades
  1924 | D:2      | Reached skill level 7 in Stealth
  2389 | D:3      | Found a glowing drain.
  2395 | Sewer    | Entered a sewer
  2516 | Sewer    | Reached XP level 7. HP: 28/42 MP: 7/7
  2832 | Sewer    | Reached skill level 8 in Stealth
  2841 | Sewer    | Identified a scroll of acquirement
  2841 | Sewer    | Acquired the +4 quick blade "Axib" {venom, *Rage ^Fragile
                  | rC+ Int+4}
  3337 | D:3      | Found a hazy altar of Hepliaklqana.
  3676 | D:3      | Found a faded altar of an unknown god.
  3676 | D:3      | Found the Hermit's Pendant {Faith Invo=14 Evo=0 MP+5}
  3948 | D:4      | Reached XP level 8. HP: 43/48 MP: 18/18
  4047 | D:4      | Reached skill level 9 in Stealth
  4247 | D:4      | Found Zegi's Self-Published Books.
  4591 | D:5      | Entered Level 5 of the Dungeon
  4645 | D:5      | Reached skill level 5 in Fighting
  4680 | D:5      | Found a staircase to the Ecumenical Temple.
  4699 | Temple   | Entered the Ecumenical Temple
  4723 | Temple   | Became a worshipper of the Wu Jian Council
  4760 | D:5      | Reached skill level 10 in Stealth
  4983 | D:5      | Reached XP level 9. HP: 54/54 MP: 19/19
  4987 | D:5      | Reached skill level 5 in Dodging
  5451 | D:5      | Reached * piety under Wu Jian
  5654 | D:6      | Found a radiant altar of Vehumet.
  5675 | D:6      | Reached skill level 11 in Stealth
  6044 | D:6      | Found a burning altar of Makhleb.
  6516 | D:6      | Noticed Edmund
  6519 | D:6      | Killed Edmund
  6520 | D:6      | Reached skill level 10 in Short Blades
  6545 | D:6      | Found a glowing silver altar of Zin.
  6788 | D:6      | Identified the +5 rapier of Dutadghue {elec, rPois rF+}
  7039 | D:7      | Reached XP level 10. HP: 60/60 MP: 20/20
  7079 | D:7      | Found a snail-covered altar of Cheibriados.
  7152 | D:7      | Found a glowing golden altar of the Shining One.
  7160 | D:7      | Reached ** piety under Wu Jian
  7175 | D:7      | Reached skill level 12 in Stealth
  7516 | D:7      | Found a hide-covered altar of Uskayaw.
  8381 | D:8      | Identified the +2 dagger of the Warrior {protect, rF+
                  | rCorr}
  8411 | D:8      | Reached skill level 13 in Stealth
  8471 | D:8      | Found an iron altar of Okawaru.
  8758 | D:2      | Noticed Natasha
  8763 | D:2      | Killed Natasha
  8776 | D:2      | Noticed Natasha
  8778 | D:2      | Killed Natasha
  8780 | D:2      | Bought the +4 scale mail of Doghiaxt {Rampage rC- Dex+3
                  | SInv} for 448 gold pieces
  9014 | D:8      | Noticed Grum
  9016 | D:8      | Killed Grum
  9090 | D:8      | Noticed Joseph
  9118 | D:8      | Killed Joseph
  9278 | D:8      | Reached *** piety under Wu Jian
  9571 | D:8      | Reached XP level 11. HP: 67/67 MP: 21/21
  9635 | D:8      | Reached skill level 14 in Stealth
  9828 | D:9      | Reached **** piety under Wu Jian
 10173 | D:10     | Entered Level 10 of the Dungeon
 10232 | D:10     | Found a staircase to the Lair.
 10232 | D:10     | Noticed an oklob plant
 10305 | D:10     | Killed an oklob plant
 10676 | D:10     | Reached skill level 15 in Stealth
 10740 | D:10     | Found a broken altar of Ashenzari.
 10826 | D:11     | Reached ***** piety under Wu Jian
 10939 | D:11     | Found a radiant altar of Vehumet.
 10981 | D:11     | Noticed a centaur warrior
 10989 | D:11     | Killed a centaur warrior
 10990 | D:11     | Reached XP level 12. HP: 75/75 MP: 22/22
 11868 | D:2      | Bought a +2 pair of gloves of stealth for 279 gold pieces
 12169 | D:12     | Noticed Fannar
 12175 | D:12     | Killed Fannar
 12286 | D:12     | Reached skill level 16 in Stealth
 12286 | D:12     | Reached skill level 1 in Shields
 12311 | D:12     | Noticed Sonja
 12314 | D:12     | Killed Sonja
 12314 | D:12     | Noticed Nessos
 12322 | D:12     | Killed Nessos
 12755 | D:12     | Found a staircase to the Orcish Mines.
 12770 | D:12     | Reached skill level 17 in Stealth
 12782 | D:12     | Found a roughly hewn altar of Beogh.
 12800 | D:12     | Reached skill level 10 in Dodging
 13053 | D:13     | Found a gate leading to a gauntlet.
 13059 | Gauntlet | Entered a Gauntlet
 13059 | Gauntlet | Found a transporter.
 13062 | Gauntlet | Found a transporter.
 13067 | Gauntlet | Noticed a fire crab
 13110 | Gauntlet | Found a transporter.
 13110 | Gauntlet | Found a transporter.
 13111 | Gauntlet | Noticed a death scarab
 13116 | Gauntlet | Found the ring of the Hare {EV+10}
 13122 | Gauntlet | Found a transporter.
 13122 | Gauntlet | Found a transporter.
 13130 | Gauntlet | Noticed a great orb of eyes
 13137 | Gauntlet | Found a transporter.
 13144 | Gauntlet | Found a transporter.
 13182 | Gauntlet | Found a transporter.
 13182 | Gauntlet | Found a transporter.
 13198 | Gauntlet | Found a transporter.
 13198 | Gauntlet | Found a transporter.
 13435 | Gauntlet | Killed a death scarab
 13592 | Gauntlet | Killed a great orb of eyes
 13593 | Gauntlet | Reached XP level 13. HP: 58/81 MP: 23/23
 13703 | Gauntlet | Identified the ring "Onwehety" {Ice *Slow Str+6 SInv}
 13835 | Gauntlet | Identified the amulet of Kuikku {Reflect Int+2 SH+5}
 13835 | Gauntlet | Noticed a minotaur
 13925 | Gauntlet | Killed a minotaur
 14125 | D:13     | Reached skill level 18 in Stealth
 14203 | D:13     | Found a sparkling altar of Nemelex Xobeh.
 14216 | D:13     | Reached skill level 10 in Fighting
 14597 | D:14     | Found an opulent altar of Gozag.
 14748 | D:14     | Noticed Jorgrun
 14751 | D:14     | Noticed a seven-headed hydra
 14751 | D:14     | Killed Jorgrun
 14764 | D:14     | Killed a seven-headed hydra
 14917 | D:14     | Noticed Frances
 14919 | D:14     | Killed Frances
 14922 | D:14     | Reached skill level 19 in Stealth
 14981 | D:14     | Noticed Rupert
 14989 | D:14     | Paralysed by Rupert for 2 turns
 14999 | D:14     | Killed Rupert
 15085 | D:14     | Noticed a vault guard
 15093 | D:14     | Killed a vault guard
 15116 | D:14     | Found a gate to the Vaults.
 15189 | D:14     | Reached skill level 5 in Shields
 15256 | D:14     | Noticed Agnes
 15268 | D:14     | Killed Agnes
 15385 | D:14     | Identified the ring "Riaf Taxyamu" {Fire rN+++ Will+++
                  | Dex-3}
 15602 | D:15     | Entered Level 15 of the Dungeon
 15638 | D:15     | Reached XP level 14. HP: 88/88 MP: 24/24
 15658 | D:15     | Noticed Josephine
 15661 | D:15     | Killed Josephine
 15717 | D:15     | Reached skill level 20 in Stealth
 15750 | D:15     | Acquired 1093 gold pieces
 16270 | D:15     | Found a staircase to the Depths.
 16305 | D:15     | Acquired the +1 pair of boots of Dygg {Str+4 Dex+2}
 16440 | Orc:1    | Entered Level 1 of the Orcish Mines
 16640 | Orc:2    | Entered Level 2 of the Orcish Mines
 16984 | Orc:2    | Found Seghont's Antique Armour Emporium.
 16984 | Orc:2    | Found Quxoriel's Distillery.
 16998 | Orc:2    | Reached skill level 21 in Stealth
 17016 | Orc:2    | Reached XP level 15. HP: 71/96 MP: 25/25
 17030 | Orc:2    | Found Xeohos's Antique Armour Shop.
 17030 | Orc:2    | Found Onimeugg's Armour Shoppe.
 17239 | Orc:2    | Bought an ancient robe for 153 gold pieces
 17239 | Orc:2    | Identified the +0 robe of Brilliance {rElec rPois rC+
                  | Dex+4} (You bought it in a shop on level 2 of the Orcish
                  | Mines)
 17248 | Orc:2    | Bought a potion of resistance for 150 gold pieces
 17248 | Orc:2    | Bought a potion of curing for 45 gold pieces
 17248 | Orc:2    | Bought a potion of heal wounds for 75 gold pieces
 17248 | Orc:2    | Bought a potion of curing for 45 gold pieces
 17248 | Orc:2    | Bought a potion of curing for 45 gold pieces
 17248 | Orc:2    | Bought a potion of curing for 45 gold pieces
 17251 | Orc:2    | Bought the +4 chain mail of the Watermelon {rElec rPois
                  | Dex+4} for 766 gold pieces
 17317 | Orc:2    | Found a staircase to the Elven Halls.
 17400 | Orc:1    | Noticed an orc warlord
 17419 | Orc:1    | Killed an orc warlord
 17425 | Orc:1    | Reached skill level 22 in Stealth
 17609 | Orc:1    | Found a roughly hewn altar of Beogh.
 17708 | Orc:1    | Reached ****** piety under Wu Jian
 18011 | Lair:1   | Entered Level 1 of the Lair of Beasts
 19159 | Lair:2   | Found a runed translucent gate.
 19159 | Lair:2   | Found a runed translucent gate.
 19159 | Lair:2   | Found a runed translucent gate.
 19179 | Lair:2   | Noticed makewrite's ghost (journeyman MiBe)
 19421 | Lair:2   | Killed makewrite's ghost
 19631 | Lair:2   | Noticed Erica
 19636 | Lair:2   | Killed Erica
 19691 | Lair:2   | Identified the +0 robe of the Planets {Str+6}
 19841 | Lair:2   | Found a staircase to the Shoals.
 19876 | Lair:2   | Found a staircase to the Snake Pit.
 20308 | Lair:3   | Found a frozen archway.
 20333 | IceCv    | Entered an ice cave
 20436 | IceCv    | Reached skill level 23 in Stealth
 20719 | IceCv    | Noticed a quicksilver ooze
 20724 | IceCv    | Killed a quicksilver ooze
 20789 | IceCv    | Reached XP level 16. HP: 104/104 MP: 26/26
 20805 | IceCv    | Noticed an azure jelly
 20807 | IceCv    | Found a viscous altar of Jiyva.
 20807 | IceCv    | Noticed an azure jelly
 20808 | IceCv    | Killed an azure jelly
 20810 | IceCv    | Killed an azure jelly
 20939 | IceCv    | Identified the ring "Bahoapn" {Fly Will- AC+4 Dex+8 Slay+5}
 20953 | IceCv    | Got the +4 mace of the Spectre {freeze, rF++}
 21151 | Lair:3   | Found the +2 shield of Resistance {rF++ rC++ Will++}
 21317 | Lair:3   | Identified the +4 falchion of Yredelemnul, Shrinking
                  | {venom, *Rage +Blink rElec rF+}
 22081 | Lair:4   | Found a staircase to the Slime Pits.
 22247 | Lair:5   | Entered Level 5 of the Lair of Beasts
 23080 | Lair:5   | Found a large runed translucent door.
 23085 | Lair:5   | Found a large runed translucent door.
 23099 | Lair:5   | Reached skill level 24 in Stealth
 23564 | Shoals:1 | Entered Level 1 of the Shoals
 23703 | Shoals:1 | Reached skill level 15 in Dodging
 23865 | Shoals:1 | Reached XP level 17. HP: 89/111 MP: 27/27
 24333 | Shoals:1 | Noticed a kraken
 24382 | Shoals:1 | Killed a kraken
 24661 | Shoals:1 | Found Wooss's Antique Armour Boutique.
 25094 | Shoals:2 | Found Beih's Assorted Antiques.
 25099 | Shoals:2 | Bought a scroll labelled ERHIUNUIREC for 39 gold pieces
 25391 | Shoals:2 | Identified the +5 chain mail of the Big Bang {rCorr}
 25465 | Shoals:2 | Reached skill level 25 in Stealth
 26291 | Shoals:3 | Noticed a kraken
 26294 | Shoals:3 | Killed a kraken
 26552 | Shoals:3 | Found Loiwneze's General Store.
 26584 | Shoals:3 | Bought a scroll of teleportation for 54 gold pieces
 26584 | Shoals:3 | Bought a scroll of blinking for 135 gold pieces
 26584 | Shoals:3 | Bought a scroll of fog for 72 gold pieces
 26804 | Shoals:4 | Entered Level 4 of the Shoals
 26834 | Shoals:4 | Identified the serpent talisman of the Unbroken {rF- rCorr
                  | Str+6}
 26834 | Shoals:4 | Noticed Aizul
 26837 | Shoals:4 | Killed Aizul
 27118 | Shoals:4 | Noticed a kraken
 27121 | Shoals:4 | Killed a kraken
 27203 | Shoals:4 | Identified the +1 scale mail "Naddeeg" {+Inv rF+ Will+
                  | rCorr}
 27727 | Shoals:4 | Reached skill level 26 in Stealth
 27727 | Shoals:4 | Identified the +6 rapier of Ynumn {flame, Str+5 Int+3
                  | Dex+5}
 28149 | Shoals:4 | Reached skill level 15 in Fighting
 28149 | Shoals:4 | Reached XP level 18. HP: 119/119 MP: 28/28
 28435 | Shoals:4 | Got a barnacled rune of Zot
 28672 | Snake:1  | Entered Level 1 of the Snake Pit
 28695 | Snake:1  | Reached skill level 10 in Shields
 28815 | Snake:1  | Found Paaminn's Vocational Training.
 30611 | Snake:2  | Reached skill level 27 in Stealth
 31792 | Snake:3  | Found a burning altar of Makhleb.
 32230 | Snake:3  | Reached skill level 1 in Spellcasting
 32230 | Snake:3  | Reached skill level 1 in Ice Magic
 32252 | Snake:3  | Reached skill level 1 in Hexes
 32261 | Snake:3  | Reached XP level 19. HP: 125/125 MP: 29/29
 32923 | Snake:3  | Identified the +1 spear of the Endless March {protect,
                  | rElec rCorr Int+8 Stlth-}
 33009 | Snake:4  | Entered Level 4 of the Snake Pit
 33483 | Snake:4  | Identified the ring "Kaeresie" {Fly rF++ Will+ AC+4 Dex-5}
 34209 | Snake:4  | Got a serpentine rune of Zot
 34240 | Snake:4  | Learned a level 2 spell: Ensorcelled Hibernation
 34247 | Snake:4  | Learned a level 5 spell: Metabolic Englaciation
 35786 | Vaults:1 | Entered Level 1 of the Vaults
 36373 | Vaults:1 | Reached XP level 20. HP: 134/134 MP: 30/30
 38746 | Vaults:2 | Reached skill level 5 in Hexes
 38753 | Vaults:2 | Reached skill level 5 in Ice Magic
 38770 | Vaults:2 | Reached skill level 5 in Spellcasting
 38882 | Vaults:2 | Found a staircase to the Crypt.
 38882 | Vaults:2 | Found an ancient bone altar of Kikubaaqudgha.
 38882 | Vaults:2 | Found a basalt altar of Yredelemnul.
 40362 | Vaults:2 | Identified the amulet "Efaronoqol" {Spirit rN++ rCorr Str-3
                  | Int+2}
 40365 | Vaults:2 | Identified the +1 mace of Ixiaqept {protect, rPois Will+}
 40372 | Vaults:2 | Identified the amulet of Teliobb {Acrobat Dex+3}
 40373 | Vaults:2 | Identified the +3 leather armour "Xoshrin" {rPois rF+
                  | Int+2}
 41145 | Vaults:2 | Reached XP level 21. HP: 141/141 MP: 31/31
 41580 | Vaults:2 | Noticed Margery
 41587 | Vaults:2 | Killed Margery
 42425 | Snake:1  | Bought a manual of Evocations for 1440 gold pieces
 43064 | Vaults:3 | Reached skill level 1 in Evocations
 43116 | Vaults:3 | Found a transporter.
 43125 | Vaults:3 | Found a transporter.
 43141 | Vaults:3 | Identified the +8 sling of Tomorrow {freeze, ^Contam rPois
                  | Dex+4}
 43152 | Vaults:3 | Noticed Raecovv Etaz's ghost (adept TrGl)
 43493 | Vaults:4 | Reached skill level 5 in Evocations
 43851 | Vaults:4 | Paralysed by a formless jellyfish for 1 turns
 44776 | Vaults:4 | Reached XP level 22. HP: 149/149 MP: 33/33
 44972 | Vaults:4 | Upgraded the game from 0.32-a0-968-g61e5eb5241 to
                  | 0.32-a0-975-g85d4e5bfdb
 45053 | Vaults:5 | Entered Level 5 of the Vaults
 45707 | Vaults:4 | Reached skill level 10 in Evocations
 45867 | Vaults:5 | Noticed a dread lich
 45930 | Vaults:5 | Noticed a dread lich
 45937 | Vaults:5 | Killed a dread lich
 45946 | Vaults:5 | Killed a dread lich
 46029 | Vaults:5 | Noticed an ancient lich
 46936 | Vaults:4 | Killed an ancient lich
 47098 | Vaults:5 | Noticed a dread lich
 47115 | Vaults:4 | Reached XP level 23. HP: 78/156 MP: 30/34
 47351 | Vaults:5 | Killed a dread lich
 47356 | Vaults:5 | Noticed a golden dragon
 48718 | Vaults:5 | Identified the amulet "Zaen" {^Drain rC+ RegenMP+ Dex+5
                  | Stlth+}
 48740 | Vaults:4 | Killed a golden dragon
 49018 | Vaults:5 | Identified the +2 morningstar "Setoaguj" {flame, rPois
                  | Will+}
 49087 | Vaults:5 | Acquired 319 gold pieces
 49207 | Vaults:5 | Got a silver rune of Zot
 49400 | Vaults:5 | Got the Catalogue of Battling
 49502 | Vaults:5 | Reached skill level 15 in Evocations
 49546 | Vaults:5 | Noticed an ancient lich
 49562 | Vaults:5 | Killed an ancient lich
 49720 | Vaults:5 | Found the dreamshard necklace {Acrobat *Dream}
 50459 | Vaults:5 | Identified the +0 robe "Quinn" {rElec rF+}
 50589 | Vaults:3 | Found a bloodstained altar of Trog.
 51127 | Vaults:3 | Killed Raecovv Etaz's ghost
 51438 | Orc:2    | Bought a potion of might for 60 gold pieces
 51486 | Elf:1    | Entered Level 1 of the Elven Halls
 52686 | Elf:2    | Reached XP level 24. HP: 166/166 MP: 34/34
 52943 | Elf:2    | Found a runed translucent gate.
 52943 | Elf:2    | Found a runed translucent gate.
 52944 | Elf:2    | Found a runed translucent gate.
 53568 | Elf:2    | Found an ancient bone altar of Kikubaaqudgha.
 54007 | Elf:3    | Entered Level 3 of the Elven Halls
 54150 | Elf:3    | Found Vival's Weapon Shoppe.
 55240 | Elf:3    | Identified the +3 short sword "Giantslayer" {flame, rC+
                  | Str+4 Int+4}
 55245 | Elf:3    | Identified the ring "Xolec" {rElec rPois MP+9 Int-2 Dex+4}
 55328 | Elf:3    | Mangled by a +3 scimitar of holy wrath

Illustrated notes

Levels and vault maps discovered:
D:1:      minmay_arrival_solitary_statue, layout_basic, minmay_misc_feat_pillars
D:2:      layout_basic, serial_shops, shop, wad_floor_pattern_untrapped,
          uniq_natasha, uniq_sigmund
D:3:      layout_loops_ring, worldfamousw_hep_ancestral_shrine,
          portal_sewer_entry_d, st_stairs_10, minivault_25, kennysheep_path_1,
          hellmonk_guarded_unrand_hermit
D:4:      layout_basic, grunt_ministairs_4, nicolae_custom_books,
          nicolae_nh_ransacked_shop
D:5:      layout_loops_corners, minmay_temple_entry_large_hall
D:6:      layout_loops_corners, makhleb_blood_cavern_becter, zin_scriptorium,
          amcnicky_altar_gilded, serial_library,
          serial_library_hellmonk_angled_corner,
          serial_library_hellmonk_reading_circle,
          serial_library_regret_index_branch_corner,
          serial_library_hellmonk_double_dead_end,
          serial_library_hellmonk_junction, serial_library_hellmonk_hallway_b,
          serial_library_hellmonk_hallway_a,
          serial_library_hellmonk_angled_corner, minivault_19,
          kennysheep_pointless_box, mrwooster_statue_mirror,
          nrook_mini_backslash, uniq_edmund
D:7:      cheibrodos_quashed, layout_layer_cave, nicolae_tso_besieged_by_evil,
          mainiacjoe_overflow_surrounded_room, overflow_temple_1_default,
          minmay_quadrilaterals
D:8:      layout_rooms, hellmonk_okawaru_the_only_friend_you_need,
          kennysheep_generic_room_12, uniq_joseph, uniq_grum
D:9:      layout_rooms, chequers_serial_rivers_micro_a
D:10:     layout_big_octagon, nicolae_ashenzari_skybound, dpeg_oklobed_lair,
          minmay_nine_imps
D:11:     layout_roguey, vehumet_statue
D:12:     layout_cave_pools, minmay_orc_entry_temple_small,
          nicolae_kite_square_tiling_tiny, minivault_25, uniq_nessos,
          uniq_fannar, uniq_sonja
D:13:     layout_cave_pools, gauntlet_entry_generic,
          nemelex_xobeh_ov_fountains_minmay
D:14:     layout_roguey, david_vaults_5, chequers_serial_rivers_small_b,
          grunt_gozag_statues, uniq_jorgrun, uniq_rupert, uniq_frances,
          uniq_agnes
D:15:     gammafunk_enter_depths_forms, layout_basic, serial_park_tiny_1,
          uniq_josephine
Temple:   nicolae_temple_figure_eight
Lair:1:   dragon1_lemuel, layout_long_grid, infiniplex_staircase_pool_2,
          grunt_megastairs_2, serial_bayou_shore_a
Lair:2:   layout_misc_corridors, shoals_dummy_entry,
          minmay_snake_entry_guardpost_medium, maelrawn_ghost_gauntlet_escape,
          grunt_megastairs_1, lemuel_fruit_tree, uniq_erica
Lair:3:   layout_chaotic_city, portal_ice_cave_entry_pillars_2
Lair:4:   layout_cave_shapes, slime_entry_1, special_room
          [special_room_mythical_zoo], infiniplex_staircase_pool,
          lemuel_fruit_fields
Lair:5:   cheibrodos_lair_end_hotspot, layout_layer_cave, serial_bayou,
          serial_bayou_pond_e, serial_bayou_crossing, serial_bayou_pond_c,
          serial_bayou_lagoon_a
Shoals:1: layout_shoals, serial_shops, shop, overgrown_hall
Shoals:2: layout_shoals, serial_shops, shop
Shoals:3: layout_shoals, serial_shops, nicolae_stop_n_shop_2, nicolae_tricolors
Shoals:4: shoals_end_grunt_ice, layout_shoals, uniq_aizul
Snake:1:  layout_basic, st_stairs_12, nicolae_shop_vocational
Snake:2:  layout_chambers
Snake:3:  minmay_snake_river, layout_rooms, basic_altar, grunt_ministairs_1
Snake:4:  snake_pit_salamanders_mu, layout_layer_cave, grunt_ministairs_5,
          st_stairs_7
Orc:1:    layout_caves, nicolae_orc_lost_temple
Orc:2:    st_orc_ogre_mass, layout_diamond_mine
Elf:1:    layout_loops_cross, hangedman_elven_crosses_minicolossus,
          grunt_ministairs_3, minivault_28
Elf:2:    elven_hall_of_blades_hangedman_original [nicolae_blade_lattice],
          layout_loops_cross, basic_altar, item_on_display_b
Elf:3:    nooodl_elf_gasket, layout_loops_corners, serial_shops, shop
Vaults:1: v_pattern_3, nicolae_vaults_tetromino_L_1, v_misc_5, v_rooms_4,
          nicolae_vaults_diffraction_hallways, hangedman_vaults_variations,
          ontoclasm_vaults_gateway, nicolae_vaults_variable_pillar_hall,
          nicolae_vaults_three_branches, nicolae_vaults_network_quinsquares
          [nicolae_vaults_network_quincunx_subvault,
          nicolae_vaults_network_quincunx_subvault,
          nicolae_vaults_network_quincunx_subvault,
          nicolae_vaults_network_quincunx_subvault], vaults_mumra_chevron,
          nicolae_vaults_asterisk, nicolae_vaults_tangram_1,
          layout_vaults_maze_snakey
Vaults:2: hangedman_vaults_nails, nicolae_vaults_ninety_degrees,
          minmay_crypt_entry_necro_gods, nicolae_vaults_storing_the_good_stuff,
          nicolae_vaults_closet_pinwheel_1, nicolae_vaults_tetromino_L_2,
          grunt_vaults_trifunnel, nicolae_vaults_network_barrier,
          vaults_dpeg_ring, vaults_room_fours, nicolae_vaults_rhombus_6,
          serial_ice_h, layout_vaults_chaotic_city, uniq_margery
Vaults:3: gammafunk_ghost_wrathful_warriors, nicolae_vaults_yaktaur_gun_rack,
          layout_vaults_omnibox
Vaults:4: v_misc_2, ontoclasm_vaults_tryst, nicolae_vaults_little_ls,
          nicolae_vaults_house_3, hangedman_vaults_stagger, vaults_mumra_lcd,
          nicolae_vaults_little_squares_6, nicolae_vaults_library_corner,
          hangedman_vaults_restitches, ontoclasm_vaults_chip,
          layout_vaults_omnicross
Vaults:5

Skill      XL: |  1  2  3  4  5  6  7  8  9 10 11 12 13 14 15 16 17 18 19 20 21 22 23 24 |
---------------+-------------------------------------------------------------------------+-----
Short Blades   | 3 4 5 6 8 10 12 13 14 | 14.0
Fighting       | 3 4 5 6 7 8 9 10 12 13 14 15 16 17 18 19 20 21 22 | 22.1
Dodging        | 2 3 4 6 7 8 10 11 12 14 15 16 17 18 19 20 | 20.8
Stealth        | 6 7 8 10 11 13 15 17 19 21 23 24 26 27 | 27.0
Shields        | 3 5 6 7 8 9 10 11 12 13 | 13.9
Spellcasting   | 1 4 6 7 |  7.9
Ice Magic      | 1 4 6 7 |  7.8
Hexes          | 1 4 6 7 8 |  8.0
Evocations     | 7 13 16 17 | 17.6
Throwing       | |  2.4

Action                     |  1- 3 |  4- 6 |  7- 9 | 10-12 | 13-15 | 16-18 | 19-21 | 22-24 || total
---------------------------+-------+-------+-------+-------+-------+-------+-------+-------++-------
  Melee: Dagger            |    75 |    40 |    25 |       |       |       |       |       ||   140
         Quick blade       |       |       |   235 |   675 |  1327 |  1547 |  2174 |  2275 ||  8233
  Throw: Dart              |     7 |       |       |       |     6 |     9 |     2 |       ||    24
 Invoke: Serpent's Lash    |       |       |       |     1 |     4 |     4 |     5 |    10 ||    24
         Heavenly Storm    |       |       |       |       |     1 |     1 |     2 |     2 ||     6
Ability: Lunge             |       |       |    14 |    76 |   124 |   164 |   129 |    93 ||   600
         Whirlwind         |       |       |       |    64 |   102 |   141 |   249 |   217 ||   773
         Wall Jump         |       |       |       |       |     2 |     1 |       |     1 ||     4
  Evoke: Wand              |       |       |       |     1 |       |       |       |       ||     1
    Use: Scroll            |       |       |    17 |    11 |     6 |     7 |     5 |    12 ||    58
         Potion            |       |       |     2 |     6 |     8 |     4 |     3 |    19 ||    42
   Stab: Sleeping          |    12 |    16 |    46 |    45 |    82 |   113 |    78 |    49 ||   441
         Distracted        |       |     1 |     3 |     4 |     9 |    20 |    19 |    19 ||    75
         Invisible         |       |       |       |       |     2 |       |       |       ||     2
 Armour: Robe              |    31 |     7 |    40 |       |       |       |       |       ||    78
         Scale mail        |       |       |       |   104 |    71 |       |       |       ||   175
         Steam dragon scal |       |       |       |     2 |       |       |       |       ||     2
         Chain mail        |       |       |       |       |    14 |   223 |   275 |   384 ||   896
  Dodge: Dodged            |    31 |    23 |    81 |   103 |   296 |   414 |   399 |   476 ||  1823
  Block: Buckler           |     1 |    10 |    32 |    69 |   149 |       |       |       ||   261
         Kite shield       |       |       |       |       |       |   446 |   609 |   897 ||  1952
         Reflection        |       |       |       |       |       |       |     3 |    50 ||    53

Table legend: (Time is in decaauts)
 A = Elapsed time spent in this place.
 B = Non-inter-level travel time spent in this place.
 C = Inter-level travel time spent in this place.
 D = Time resting spent in this place.
 E = Time spent auto-exploring this place.
 F = Levels seen in this place.
 G = Mean time per level.
                   A        B        C        D        E       F      G
               +--------+--------+--------+--------+--------+-----+--------+
         Total |  57028 |  54662 |   2366 |  14057 |    849 |  42 | 1357.8 |
       Dungeon |  16063 |  14489 |   1574 |   1691 |    248 |  15 | 1070.9 |
        Temple |     52 |     52 |      0 |      0 |      0 |   1 |   52.0 |
          Lair |   5204 |   4889 |    315 |    305 |     34 |   5 | 1040.8 |
        Shoals |   5368 |   5368 |      0 |   1144 |      0 |   4 | 1342.0 |
     Snake Pit |   7239 |   7140 |     99 |   2341 |    149 |   4 | 1809.8 |
  Orcish Mines |   1595 |   1571 |     24 |    171 |      0 |   2 |  797.5 |
   Elven Halls |   3957 |   3957 |      0 |    738 |    146 |   3 | 1319.0 |
        Vaults |  15284 |  14931 |    353 |   6954 |    272 |   5 | 3056.8 |
         Sewer |    516 |    516 |      0 |    100 |      0 |   1 |  516.0 |
      Ice Cave |    713 |    713 |      0 |    343 |      0 |   1 |  713.0 |
      Gauntlet |   1032 |   1032 |      0 |    267 |      0 |   1 | 1032.0 |
               +--------+--------+--------+--------+--------+-----+--------+

Top non-repeatable levels by time:
Vaults:4: 5455 daAuts
Vaults:2: 3783 daAuts
Vaults:1: 3308 daAuts
 Snake:4: 2527 daAuts
Shoals:4: 1903 daAuts
Vaults:5: 1847 daAuts
 Snake:2: 1797 daAuts
     D:6: 1569 daAuts
Shoals:1: 1523 daAuts
     D:7: 1474 daAuts
 Snake:3: 1466 daAuts
 Snake:1: 1447 daAuts
   Elf:2: 1379 daAuts
   Elf:3: 1372 daAuts
  Lair:1: 1359 daAuts
